PBL
OAKLAND ATHLETICS @ LOS ANGELES ANGELS
07/26/2071
 
TOP OF THE 1ST
Oakland Athletics batting - Pitching for Los Angeles Angels : RHP Kiyonaga Yamasaki
Pitching: RHP Kiyonaga Yamasaki
Batting: RHB Jorge Ibarra 0-0: Ball
1-0: Ball
2-0: Called Strike
2-1: Ground out 6-3 (Groundball, 6, EV 81.3 MPH)
Batting: RHB Ed Burch 0-0: Ground out 6-3 (Groundball, 6S, EV 66.3 MPH)
Batting: LHB Pablo Gonzáles 0-0: Ball
1-0: Called Strike
1-1: Foul Ball, location: 5DF
1-2: Ball
2-2: SINGLE (Flyball, 4D, EV 90.6 MPH)
Batting: LHB Félix Castillo 0-0: Foul Ball, location: 2F
0-1: SINGLE (Line Drive, 89S, EV 98.1 MPH)
Pablo Gonzáles to second
Batting: LHB Paul King 0-0: Foul Ball, location: 2F
0-1: Ball
1-1: Ground out 4-3 (Groundball, 4, EV 75.6 MPH)
Top of the 1st over - 0 runs, 2 hits, 0 errors, 2 left on base; Oakland 0 - Los Angeles 0
BOTTOM OF THE 1ST
Los Angeles Angels batting - Pitching for Oakland Athletics : LHP Craig Brooks
Pitching: LHP Craig Brooks
Batting: RHB Marvin Cummings 0-0: Ball
1-0: Swinging Strike
1-1: Swinging Strike
1-2: Foul Ball, location: 2F
1-2: Ball
2-2: Strikes out swinging
Batting: RHB Duncan Phillips 0-0: Called Strike
0-1: Called Strike
0-2: Ball
1-2: Ground out 6-3 (Groundball, 6, EV 78.8 MPH)
Batting: RHB Raúl Galló 0-0: Called Strike
0-1: Ball
1-1: Called Strike
1-2: Strikes out looking
Bottom of the 1st over - 0 runs, 0 hits, 0 errors, 0 left on base; Oakland 0 - Los Angeles 0
TOP OF THE 2ND
Oakland Athletics batting - Pitching for Los Angeles Angels : RHP Kiyonaga Yamasaki
Batting: LHB José Pelingo 0-0: Foul Ball, location: 3FF
0-1: Called Strike
0-2: Ball
1-2: Ground out 4-3 (Groundball, 4, EV 81.9 MPH)
Batting: LHB Eric Dodd 0-0: Ball
1-0: Fly out, F7 (Flyball, 78D, EV 86.3 MPH)
Batting: RHB Pablo Ayala 0-0: Called Strike
0-1: Ground out 5-3 (Groundball, 56S, EV 66.3 MPH)
Top of the 2nd over - 0 runs, 0 hits, 0 errors, 0 left on base; Oakland 0 - Los Angeles 0
BOTTOM OF THE 2ND
Los Angeles Angels batting - Pitching for Oakland Athletics : LHP Craig Brooks
Batting: RHB Craig Martin 0-0: Called Strike
0-1: Ball
1-1: Ball
2-1: Swinging Strike
2-2: Strikes out swinging
Batting: RHB Chris Doubron 0-0: Ball
1-0: Foul Ball, location: 2F
1-1: Called Strike
1-2: Ball
2-2: Foul Ball, location: 3DF
2-2: Foul Ball, location: 2F
2-2: Ball
3-2: Base on Balls
Batting: SHB Jeff Vaughn 0-0: Swinging Strike
0-1: Swinging Strike
0-2: Ball
1-2: Ball
Wild Pitch!
Chris Doubron to second
2-2: Ball
3-2: Base on Balls
Batting: RHB Tony Mora 0-0: Ball
1-0: Called Strike
1-1: Swinging Strike
1-2: Ball
2-2: Foul Ball, location: 3SF
2-2: Strikes out swinging
Batting: SHB Xavier Martínez 0-0: Swinging Strike
0-1: Swinging Strike
0-2: Ball
1-2: Ball
2-2: Strikes out swinging
Bottom of the 2nd over - 0 runs, 0 hits, 0 errors, 2 left on base; Oakland 0 - Los Angeles 0
TOP OF THE 3RD
Oakland Athletics batting - Pitching for Los Angeles Angels : RHP Kiyonaga Yamasaki
Batting: RHB Tom Yarbrough 0-0: Foul Ball, location: 3FF
0-1: Ground out 5-3 (Groundball, 56, EV 105.6 MPH)
Batting: RHB Jorge Ibarra 0-0: Ball
1-0: Ball
2-0: Ball
3-0: Base on Balls
Batting: RHB Ed Burch 0-0: Called Strike
0-1: Ball
Jorge Ibarra is caught stealing 2nd base 2-4
1-1: Fly out, F3 (Popup, 3, EV 68.1 MPH)
Top of the 3rd over - 0 runs, 0 hits, 0 errors, 0 left on base; Oakland 0 - Los Angeles 0
BOTTOM OF THE 3RD
Los Angeles Angels batting - Pitching for Oakland Athletics : LHP Craig Brooks
Batting: RHB Stanley Blake 0-0: Ball
1-0: Called Strike
1-1: Ball
2-1: Foul Ball, location: 9LDF
2-2: Fly out, F7 (Flyball, 7, EV 89.4 MPH)
Batting: RHB Marvin Cummings 0-0: Fly out, F9 (Flyball, 9S, EV 92.5 MPH)
Batting: RHB Duncan Phillips 0-0: Ball
1-0: Fly out, F1 (Line Drive, P, EV 68.1 MPH)
Bottom of the 3rd over - 0 runs, 0 hits, 0 errors, 0 left on base; Oakland 0 - Los Angeles 0
TOP OF THE 4TH
Oakland Athletics batting - Pitching for Los Angeles Angels : RHP Kiyonaga Yamasaki
Batting: LHB Pablo Gonzáles 0-0: Ball
1-0: Swinging Strike
1-1: Swinging Strike
1-2: Ground out 4-3 (Groundball, 4, EV 90.6 MPH)
Batting: LHB Félix Castillo 0-0: Ball
1-0: Foul Ball, location: 2F
1-1: Swinging Strike
1-2: Fly out, F9 (Flyball, 9S, EV 94.4 MPH)
Batting: LHB Paul King 0-0: Ground out 5-3 (Groundball, 56S, EV 86.3 MPH)
Top of the 4th over - 0 runs, 0 hits, 0 errors, 0 left on base; Oakland 0 - Los Angeles 0
BOTTOM OF THE 4TH
Los Angeles Angels batting - Pitching for Oakland Athletics : LHP Craig Brooks
Batting: RHB Raúl Galló 0-0: Swinging Strike
0-1: Ground out 5-3 (Groundball, 56, EV 88.8 MPH)
Batting: RHB Craig Martin 0-0: Foul Ball, location: 2F
0-1: Called Strike
0-2: Ball
1-2: Ball
2-2: Strikes out looking
Batting: RHB Chris Doubron 0-0: Called Strike
0-1: Swinging Strike
0-2: Ball
1-2: SINGLE (Groundball, 56D, EV 94.4 MPH)
Batting: SHB Jeff Vaughn 0-0: Foul Ball, location: 9LMF
0-1: Swinging Strike
0-2: Ball
1-2: Ball
2-2: Strikes out looking
Bottom of the 4th over - 0 runs, 1 hit, 0 errors, 1 left on base; Oakland 0 - Los Angeles 0
TOP OF THE 5TH
Oakland Athletics batting - Pitching for Los Angeles Angels : RHP Kiyonaga Yamasaki
Batting: LHB José Pelingo 0-0: Called Strike
0-1: Hit by Pitch
Batting: LHB Eric Dodd 0-0: Ball
1-0: Ball
2-0: Ball
3-0: Base on Balls
José Pelingo to second
Batting: RHB Pablo Ayala 0-0: Bunted foul
0-1: Bunted foul
0-2: Fly out, F4 (Line Drive, 4M, EV 64.4 MPH)
Lined into DP, U4 (Line Drive, 4M, EV 64.4 MPH)
Batting: RHB Tom Yarbrough 0-0: Reached on error, E5 (Groundball, 56S, EV 71.3 MPH)
Eric Dodd to third
Batting: RHB Jorge Ibarra 0-0: Ball
1-0: SINGLE (Flyball, 3D, EV 95.6 MPH)
Eric Dodd scores
Tom Yarbrough to third
Runner from 3rd tries for Home, SAFE, throw by RF to home
Jorge Ibarra to second
Batting: RHB Ed Burch 0-0: Ball
1-0: Ball
2-0: Called Strike
2-1: Ball
3-1: Called Strike
3-2: Base on Balls
Batting: LHB Pablo Gonzáles 0-0: Ball
1-0: Foul Ball, location: 2F
1-1: Called Strike
1-2: Ground out U3 (Groundball, 3L, EV 102.5 MPH)
Top of the 5th over - 2 runs, 1 hit, 1 error, 2 left on base; Oakland 2 - Los Angeles 0
BOTTOM OF THE 5TH
Los Angeles Angels batting - Pitching for Oakland Athletics : LHP Craig Brooks
Batting: RHB Tony Mora 0-0: Ball
1-0: Fly out, F8 (Flyball, 8RS, EV 91.9 MPH)
Batting: SHB Xavier Martínez 0-0: Swinging Strike
0-1: Ball
1-1: Swinging Strike
1-2: Ball
2-2: Ball
3-2: Fly out, F4 (Popup, 4, EV 61.3 MPH)
Batting: RHB Stanley Blake 0-0: Called Strike
0-1: Called Strike
0-2: Ball
1-2: Ground out 5-3 (Groundball, 56S, EV 81.9 MPH)
Bottom of the 5th over - 0 runs, 0 hits, 0 errors, 0 left on base; Oakland 2 - Los Angeles 0
TOP OF THE 6TH
Oakland Athletics batting - Pitching for Los Angeles Angels : RHP Kiyonaga Yamasaki
Batting: LHB Félix Castillo 0-0: Ground out 4-3 (Groundball, 34, EV 91.9 MPH)
Batting: LHB Paul King 0-0: Foul Ball, location: 2F
0-1: Foul Ball, location: 9LMF
0-2: Foul Ball, location: 25F
0-2: Ball
1-2: Ground out 3-1 (Groundball, 34, EV 98.8 MPH)
Batting: LHB José Pelingo 0-0: Called Strike
0-1: Ball
1-1: Called Strike
1-2: Ball
2-2: Foul Ball, location: 9LMF
2-2: SINGLE (Line Drive, 6D, EV 96.3 MPH)
Batting: LHB Eric Dodd 0-0: Ball
1-0: Ball
2-0: Ball
3-0: Base on Balls
José Pelingo to second
Pitching: RHP António Mendoza
Batting: RHB Pablo Ayala 0-0: Foul Ball, location: 3SF
0-1: Fielders Choice at 2nd, 6-4 (Groundball, 6, EV 80.6 MPH)
Top of the 6th over - 0 runs, 1 hit, 0 errors, 2 left on base; Oakland 2 - Los Angeles 0
BOTTOM OF THE 6TH
Los Angeles Angels batting - Pitching for Oakland Athletics : LHP Craig Brooks
Batting: RHB Marvin Cummings 0-0: Ball
1-0: Ground out 5-3 (Groundball, 56, EV 78.8 MPH)
Batting: RHB Duncan Phillips 0-0: Ball
1-0: Called Strike
1-1: Foul Ball, location: 25F
1-2: Fly out, F8 (Flyball, 8LD, EV 80.0 MPH)
Batting: RHB Raúl Galló 0-0: SINGLE (Line Drive, 6D, EV 95.0 MPH)
Batting: RHB Craig Martin 0-0: Called Strike
0-1: Ball
1-1: Foul Ball, location: 9LMF
1-2: Fielders Choice at 2nd, 5-4 (Groundball, 5, EV 108.8 MPH)
Bottom of the 6th over - 0 runs, 1 hit, 0 errors, 1 left on base; Oakland 2 - Los Angeles 0
TOP OF THE 7TH
Oakland Athletics batting - Pitching for Los Angeles Angels : RHP António Mendoza
Batting: RHB Tom Yarbrough 0-0: Called Strike
0-1: Ball
1-1: Ground out 5-3 (Groundball, 56S, EV 76.3 MPH)
Batting: RHB Jorge Ibarra 0-0: Foul Ball, location: 3SF
0-1: Called Strike
0-2: Strikes out looking
Batting: RHB Ed Burch 0-0: Ball
1-0: Called Strike
1-1: Ground out 5-3 (Groundball, 56, EV 84.4 MPH)
Top of the 7th over - 0 runs, 0 hits, 0 errors, 0 left on base; Oakland 2 - Los Angeles 0
BOTTOM OF THE 7TH
Los Angeles Angels batting - Pitching for Oakland Athletics : LHP Craig Brooks
Batting: RHB Chris Doubron 0-0: Ball
1-0: Swinging Strike
1-1: Foul Ball, location: 9LSF
1-2: Foul Ball, location: 7LSF
1-2: Foul Ball, location: 2F
1-2: Strikes out looking
Pitching: RHP Steve Jones
Batting: SHB Jeff Vaughn 0-0: Called Strike
0-1: Ball
1-1: Swinging Strike
1-2: Foul Ball, location: 5F
1-2: Ball
2-2: SINGLE (Groundball, 6D, EV 76.3 MPH) (infield hit)
Batting: RHB Tony Mora 0-0: Ball
1-0: Swinging Strike
1-1: Ball
2-1: Foul Ball, location: 3FF
2-2: Fly out, F3 (Popup, 3SF, EV 76.9 MPH)
Batting: SHB Xavier Martínez 0-0: Called Strike
0-1: Ball
Jeff Vaughn is caught stealing 2nd base 2-6
Bottom of the 7th over - 0 runs, 1 hit, 0 errors, 0 left on base; Oakland 2 - Los Angeles 0
TOP OF THE 8TH
Oakland Athletics batting - Pitching for Los Angeles Angels : RHP António Mendoza
Batting: LHB Pablo Gonzáles 0-0: Foul Ball, location: 2F
0-1: Ground out 5-3 (Groundball, 5S, EV 74.4 MPH)
Batting: LHB Félix Castillo 0-0: Foul Ball, location: 2F
0-1: Ground out 6-3 (Groundball, 6S, EV 83.1 MPH)
Batting: LHB Paul King 0-0: Called Strike
0-1: Ball
1-1: Foul Ball, location: 7LSF
1-2: Ball
2-2: Ball
3-2: Base on Balls
Batting: LHB José Pelingo 0-0: Foul Ball, location: 2F
0-1: Called Strike
Paul King steals 2nd base
0-2: Foul Ball, location: 7LDF
0-2: Ball
1-2: Ball
2-2: Foul Ball, location: 25F
2-2: Ball
3-2: Fly out, F8 (Flyball, 8RM, EV 88.8 MPH)
Top of the 8th over - 0 runs, 0 hits, 0 errors, 1 left on base; Oakland 2 - Los Angeles 0
BOTTOM OF THE 8TH
Los Angeles Angels batting - Pitching for Oakland Athletics : RHP Steve Jones
Pinch Hitting: LHB Ma-huan Yan 0-0: Foul Ball, location: 2F
0-1: Swinging Strike
0-2: Ball
1-2: Strikes out swinging
Batting: RHB Stanley Blake 0-0: Ball
1-0: Fly out, F8 (Flyball, 8RXD, EV 105.6 MPH)
Batting: RHB Marvin Cummings 0-0: Ball
1-0: DOUBLE (Line Drive, 9LM, EV 101.9 MPH)
Batting: RHB Duncan Phillips 0-0: Ball
1-0: Ball
2-0: Called Strike
2-1: Swinging Strike
2-2: Ball
3-2: Base on Balls
Batting: LHB Joe Shaw 0-0: SINGLE (Line Drive, 78M, EV 105.6 MPH)
Marvin Cummings to third
Duncan Phillips to second
Runner from 3rd tries for Home, SAFE, throw by LF to home
Batting: RHB Craig Martin 0-0: Ball
1-0: Ball
2-0: Ball
3-0: Called Strike
3-1: Base on Balls
Duncan Phillips to third
Joe Shaw to second
Pinch Hitting: LHB Kenzaburo Sato 0-0: Swinging Strike
0-1: Swinging Strike
0-2: Foul Ball, location: 5F
0-2: Ball
1-2: Strikes out looking
Bottom of the 8th over - 1 run, 2 hits, 0 errors, 3 left on base; Oakland 2 - Los Angeles 1
TOP OF THE 9TH
Oakland Athletics batting - Pitching for Los Angeles Angels : RHP António Mendoza
Now at 1B: Ma-huan Yan
Now at 2B: Jung-won Sop
Batting: LHB Eric Dodd 0-0: Ball
1-0: Called Strike
1-1: Called Strike
1-2: Foul Ball, location: 9LSF
1-2: SINGLE (Groundball, 6MD, EV 100.0 MPH)
Batting: RHB Pablo Ayala 0-0: Sac Bunt to 25 - play at first, batter OUT! 5-3
Eric Dodd to second
Batting: RHB Tom Yarbrough 0-0: Foul Ball, location: 2F
0-1: SINGLE (Line Drive, 6D, EV 105.0 MPH)
Eric Dodd to third
Pitching: LHP Robbie Adams
Batting: RHB Jorge Ibarra 0-0: Ball
1-0: Called Strike
1-1: Swinging Strike
1-2: Ball
2-2: Foul Ball, location: 2F
2-2: Fly out, F9 (Flyball, 9S, EV 81.9 MPH)
Batting: RHB Ed Burch 0-0: Foul Ball, location: 2F
0-1: Ball
1-1: Swinging Strike
1-2: Ball
2-2: Strikes out swinging
Top of the 9th over - 0 runs, 2 hits, 0 errors, 2 left on base; Oakland 2 - Los Angeles 1
BOTTOM OF THE 9TH
Los Angeles Angels batting - Pitching for Oakland Athletics : RHP Steve Jones
Pitching: LHP Dick Anderson
Batting: SHB Jeff Vaughn 0-0: Ball
1-0: Ball
2-0: Swinging Strike
2-1: Ball
3-1: Foul Ball, location: 2F
3-2: Strikes out swinging
Batting: RHB Tony Mora 0-0: Swinging Strike
0-1: Ball
1-1: Ball
2-1: Foul Ball, location: 3F
2-2: Ball
3-2: Foul Ball, location: 2F
3-2: Fly out, F9 (Line Drive, 89M, EV 93.1 MPH)
Pinch Hitting: RHB David Frederick 0-0: SOLO HOME RUN (Flyball, 7LD, EV 92.5 MPH), Distance : 341 ft
Batting: RHB Stanley Blake 0-0: SINGLE (Groundball, 4MD, EV 102.5 MPH)
Batting: RHB Marvin Cummings 0-0: Ball
1-0: Ball
2-0: Ball
3-0: Base on Balls
Stanley Blake to second
Batting: RHB Duncan Phillips 0-0: Ball
1-0: Swinging Strike
1-1: Foul Ball, location: 2F
1-2: Ball
2-2: Strikes out looking
Bottom of the 9th over - 1 run, 2 hits, 0 errors, 2 left on base; Oakland 2 - Los Angeles 2
TOP OF THE 10TH
Oakland Athletics batting - Pitching for Los Angeles Angels : LHP Robbie Adams
Pitching: RHP José López
Now at 1B: David Frederick
Batting: LHB Pablo Gonzáles 0-0: Ball
1-0: SINGLE (Flyball, 9LS, EV 87.5 MPH)
Batting: LHB Félix Castillo 0-0: Ball
1-0: Swinging Strike
1-1: Foul Ball, location: 2F
1-2: Fly out, F9 (Flyball, 9LM, EV 93.1 MPH)
Batting: LHB Paul King 0-0: SINGLE (Line Drive, 89S, EV 91.9 MPH)
Pablo Gonzáles to second
Batting: LHB José Pelingo 0-0: Ball
1-0: Called Strike
1-1: Grounds into double play, 1-4-3 (Groundball, 15S, EV 65.0 MPH)
Top of the 10th over - 0 runs, 2 hits, 0 errors, 1 left on base; Oakland 2 - Los Angeles 2
BOTTOM OF THE 10TH
Los Angeles Angels batting - Pitching for Oakland Athletics : LHP Dick Anderson
Pitching: RHP Carlos Martínez
Batting: LHB Joe Shaw 0-0: Called Strike
0-1: Foul Ball, location: 3F
0-2: Ball
1-2: Ball
2-2: Strikes out swinging
Batting: RHB Craig Martin 0-0: Swinging Strike
0-1: Foul Ball, location: 5F
0-2: Ball
1-2: Foul Ball, location: 9LDF
1-2: Ball
2-2: Strikes out swinging
Batting: LHB Jung-won Sop 0-0: Called Strike
0-1: Swinging Strike
0-2: Foul Ball, location: 25F
0-2: Strikes out swinging
Bottom of the 10th over - 0 runs, 0 hits, 0 errors, 0 left on base; Oakland 2 - Los Angeles 2
TOP OF THE 11TH
Oakland Athletics batting - Pitching for Los Angeles Angels : RHP José López
Batting: LHB Eric Dodd 0-0: Foul Ball, location: 25F
0-1: Swinging Strike
0-2: Strikes out swinging
Batting: RHB Pablo Ayala 0-0: SINGLE (Line Drive, 8RS, EV 90.6 MPH)
Batting: RHB Tom Yarbrough 0-0: Ball
1-0: Grounds into double play, 6-4-3 (Groundball, 56, EV 91.9 MPH)
Top of the 11th over - 0 runs, 1 hit, 0 errors, 0 left on base; Oakland 2 - Los Angeles 2
BOTTOM OF THE 11TH
Los Angeles Angels batting - Pitching for Oakland Athletics : RHP Carlos Martínez
Batting: SHB Jeff Vaughn 0-0: Called Strike
0-1: Ball
1-1: Called Strike
1-2: Fly out, F7 (Flyball, 7LS, EV 90.6 MPH)
Batting: RHB Tony Mora 0-0: Called Strike
0-1: Swinging Strike
0-2: Ball
1-2: Ball
2-2: Ball
3-2: Fly out, F8 (Flyball, 89M, EV 92.5 MPH)
Batting: RHB David Frederick 0-0: Foul Ball, location: 3SF
0-1: Ground out 6-3 (Groundball, 6, EV 86.9 MPH)
Bottom of the 11th over - 0 runs, 0 hits, 0 errors, 0 left on base; Oakland 2 - Los Angeles 2
TOP OF THE 12TH
Oakland Athletics batting - Pitching for Los Angeles Angels : RHP José López
Batting: RHB Jorge Ibarra 0-0: Ball
1-0: Foul Ball, location: 2F
1-1: Ball
2-1: Swinging Strike
2-2: SINGLE (Line Drive, 8LS, EV 97.5 MPH)
Batting: RHB Ed Burch 0-0: Called Strike
0-1: Sac Bunt to P - play at first, batter OUT! 1-3
Jorge Ibarra to second
Batting: LHB Pablo Gonzáles 0-0: Swinging Strike
0-1: Swinging Strike
0-2: Strikes out swinging, 2-3 out at first.
Batting: LHB Félix Castillo 0-0: Foul Ball, location: 2F
0-1: Fly out, F7 (Flyball, 78S, EV 98.8 MPH)
Top of the 12th over - 0 runs, 1 hit, 0 errors, 1 left on base; Oakland 2 - Los Angeles 2
BOTTOM OF THE 12TH
Los Angeles Angels batting - Pitching for Oakland Athletics : RHP Carlos Martínez
Batting: RHB Stanley Blake 0-0: Ball
1-0: Called Strike
1-1: Foul Ball, location: 9LMF
1-2: Ground out 3-1 (Groundball, 34, EV 93.1 MPH)
Batting: RHB Marvin Cummings 0-0: Fly out, F6 (Line Drive, 6, EV 68.1 MPH)
Batting: RHB Duncan Phillips 0-0: Swinging Strike
0-1: Swinging Strike
0-2: Ball
1-2: Ball
2-2: Ball
3-2: Ground out 6-3 (Groundball, 6, EV 83.1 MPH)
Bottom of the 12th over - 0 runs, 0 hits, 0 errors, 0 left on base; Oakland 2 - Los Angeles 2
TOP OF THE 13TH
Oakland Athletics batting - Pitching for Los Angeles Angels : RHP José López
Batting: LHB Paul King 0-0: Ball
1-0: Swinging Strike
1-1: Foul Ball, location: 2F
1-2: Foul Ball, location: 2F
1-2: Strikes out swinging
Batting: LHB José Pelingo 0-0: Called Strike
0-1: DOUBLE (Flyball, 78D, EV 97.5 MPH)
Batting: LHB Eric Dodd 0-0: Intentional Walk
Pitching: RHP Roy Cruz
Batting: RHB Pablo Ayala 0-0: Called Strike
0-1: Ball
1-1: Swinging Strike
1-2: Ball
2-2: Strikes out swinging
Batting: RHB Tom Yarbrough 0-0: SINGLE (Groundball, 3D, EV 103.8 MPH)
José Pelingo to third
Eric Dodd to second
Runner from 3rd tries for Home, SAFE, throw by RF to home
Batting: RHB Jorge Ibarra 0-0: Ball
1-0: Foul Ball, location: 9LSF
1-1: Called Strike
1-2: Foul Ball, location: 2F
1-2: Fly out, F4 (Popup, 13, EV 83.8 MPH)
Top of the 13th over - 1 run, 2 hits, 0 errors, 2 left on base; Oakland 3 - Los Angeles 2
BOTTOM OF THE 13TH
Los Angeles Angels batting - Pitching for Oakland Athletics : RHP Carlos Martínez
Pitching: LHP Spike Brown
Batting: LHB Joe Shaw 0-0: SINGLE (Groundball, 56D, EV 101.9 MPH)
Batting: RHB Craig Martin 0-0: Ball
1-0: Ball
2-0: 2-RUN HOME RUN (Flyball, 7D, EV 96.9 MPH), Distance : 380 ft
Bottom of the 13th over - 2 runs, 2 hits, 0 errors, 0 left on base; Oakland 3 - Los Angeles 4
Monday, April 29th , 2024 - OOTP Baseball 24.10 Build 82